 Dungeon Crawl Stone Soup version 0.22.2-1-ge965b3a (webtiles) character file.

80 Kurtz the Cudgeler (level 4, 21/35 HPs)
             Began as a Mummy Chaos Knight on Sept 29, 2019.
             Quit the game on level 2 of the Dungeon.
             The game lasted 00:00:57 (1284 turns).

Kurtz the Cudgeler (Mummy Chaos Knight)             Turns: 1284, Time: 00:00:58

Health: 21/35      AC:  9    Str: 16    XL:     4   Next: 18%
Magic:  4/4        EV:  6    Int: 11    God:    Xom [..*...]
Gold:   42         SH:  0    Dex: 11    Spells: 3/3 levels left

rFire    x . .     SeeInvis .   a - +0 mace (chaos)
rCold    + . .     Gourm    .   (no shield)
rNeg     + + +     Faith    .   e - +0 chain mail
rPois    ∞         Spirit   .   (no helmet)
rElec    .         Reflect  .   (no cloak)
rCorr    .         Harm     .   (no gloves)
MR       +....                  f - +0 pair of boots
Stlth    ..........             (no amulet)
HPRegen  0.11/turn              d - ring of protection from magic
MPRegen  0.09/turn              (no ring)

@: no status effects
A: no food or potions, fire vulnerability, cold resistance 1, negative energy
resistance 3, torment resistance, unbreathing
a: Renounce Religion


You were on level 2 of the Dungeon.
You worshipped Xom.
You were a toy of Xom.
You were not hungry.

You visited 1 branch of the dungeon, and saw 3 of its levels.

You collected 42 gold pieces.

Inventory:

Hand Weapons
 a - a +0 mace of chaos (weapon)
Armour
 b - a +2 leather armour
 e - a +0 chain mail (worn)
 f - a +0 pair of boots (worn)
Jewellery
 d - a ring of protection from magic (left hand)
Scrolls
 c - 2 scrolls of identify {unknown}


   Skills:
 - Level 3.0 Fighting
 * Level 4.2 Maces & Flails
 - Level 1.5 Armour
 - Level 0.7 Dodging


You had 3 spell levels left.
You didn't know any spells.
Your spell library was empty.

Dungeon Overview and Level Annotations

Branches:
Dungeon (3/15)

Altars:
Dithmenos

Annotations:
D:3 Terence


Innate Abilities, Weirdness & Mutations

You do not eat or drink.
Your flesh is vulnerable to fire.
You are immune to poison.
Your flesh is cold resistant. (rC+)
You are immune to negative energy. (rN+++)
You are immune to unholy pain and torment.
You can survive without breathing.


Message History

You kill the rat!
No target in view!
No target in view!
No target in view!
No target in view!
No target in view!
Unknown command.
No target in view!
No target in view!
Natasha covers its eyes.
Natasha is nearby!
You catch Natasha completely off-guard!
You hit Natasha.
You feel better.
Natasha is almost dead.
Natasha seems less confused.
Natasha hits you but does no damage. Natasha closely misses you.
You hit Natasha. You burn Natasha.
You kill Natasha!
Natasha screams in fury as she dies!
No target in view!
Are you sure you want to abandon this character and quit the game? (Confirm with "yes".)

≈≈≈≈≈≈#..####......#.......#<#...
#######.....(......#.......###.##
# #..........>....#.......#...# #
#...........#####..........##
####...........#####......##..###
...................#..........#..
...........##......#........#....
.....###...##......#.............
.....# #...##...@..#......#.#....
###### #...##......####.#......##
######......# #.#.#.#..##
#......# #.#.#.#.... #......#
#)#...#.### #......# #.###.#.#
######## #.#####.# #.#.....#
#.#.#####


There were no monsters in sight!

Vanquished Creatures
  A howler monkey (D:2)
  A gnoll (D:2)
  A worm (D:2)
  A dart slug (D:1)
  A leopard gecko (D:1)
  2 giant cockroaches (D:2)
  2 goblins
  6 hobgoblins
  6 bats
  A jackal skeleton (D:2)
  3 kobolds
  3 rats
28 creatures vanquished.

Notes
Turn   | Place    | Note
-------+----------+-------------------------------------------
     0 | D:1      | Kurtz the Mummy Chaos Knight began the quest for the Orb.
     0 | D:1      | Reached XP level 1. HP: 18/18 MP: 1/1
    11 | D:1      | XOM: silly message
   221 | D:1      | Reached XP level 2. HP: 14/24 MP: 2/2
   224 | D:1      | Reached skill level 3 in Maces & Flails
   492 | D:1      | XOM: cloud trail
   665 | D:2      | Found a shadowy altar of Dithmenos.
   857 | D:2      | Noticed a howler monkey
   863 | D:2      | Killed a howler monkey
   863 | D:2      | Reached XP level 3. HP: 23/29 MP: 3/3
   929 | D:2      | Reached skill level 4 in Maces & Flails
   932 | D:2      | XOM: cloud trail
  1001 | D:2      | XOM: mild Conj miscast
  1068 | D:2      | XOM: mild Hex miscast
  1088 | D:2      | Reached XP level 4. HP: 32/35 MP: 4/4
  1258 | D:2      | XOM: divination: detect items
  1259 | D:3      | Noticed Natasha
  1259 | D:3      | Noticed Terence
  1263 | D:3      | XOM: harmless Tmut miscast
  1270 | D:2      | Noticed Natasha
  1270 | D:2      | Natasha changed into Natasha the gnoll
  1283 | D:2      | Killed Natasha the gnoll
  1284 | D:2      | Quit the game

Skill      XL: |  1  2  3 |
---------------+----------+-----
Maces & Flails | 3 4 |  4.2
Fighting       | |  3.0
Armour         | |  1.5
Dodging        | |  0.7

Action                   |  1- 3 |  4- 6 || total
-------------------------+-------+-------++-------
Melee: Mace              |    66 |    16 ||    82
 Stab: Confused          |       |     1 ||     1
Armor: Leather armour    |    25 |       ||    25
       Chain mail        |    26 |    16 ||    42
Dodge: Dodged            |    27 |     9 ||    36
